 Dungeon Crawl Stone Soup version 0.25-a0-23-gdc1bd94 (webtiles) character file.

Game seed: 3995655276044683711, levelgen mode: deterministic

3058 robertstho the Thaumaturge (level 9, -1/62 HPs)
             Began as a Mummy Necromancer on Oct 16, 2019.
             Slain by a yak (14 damage)
             ... on level 9 of the Dungeon.
             The game lasted 00:18:12 (8573 turns).

robertstho the Thaumaturge (Mummy Necromancer)      Turns: 8573, Time: 00:18:12

Health: -1/62      AC:  7    Str: 11    XL:     9   Next: 57%
Magic:  1/23       EV: 12    Int: 20    God:
Gold:   224        SH:  0    Dex: 12    Spells: 19/28 levels left

rFire    x . .     SeeInvis .   h - +2 quarterstaff (drain)
rCold    + . .     Gourm    .   (shield currently unavailable)
rNeg     + + +     Faith    .   u - +0 troll leather armour
rPois    ∞         Spirit   .   (no helmet)
rElec    .         Reflect  .   b - +1 cloak
rCorr    .         Harm     .   (no gloves)
MR       +....                  s - +0 pair of boots
Stlth    +++.......             (no amulet)
HPRegen  0.60/turn              r - ring of stealth
MPRegen  0.18/turn              l - +2 ring of intelligence

@: very slightly contaminated
A: no food or potions, fire vulnerability, cold resistance 1, negative energy
resistance 3, torment resistance, unbreathing
a: no special abilities


You were on level 9 of the Dungeon.
You were not hungry.

You visited 2 branches of the dungeon, and saw 10 of its levels.

You collected 406 gold pieces.
You spent 182 gold pieces at shops.

Inventory:

Hand Weapons
 h - a +2 quarterstaff of draining (weapon)
 m - a +1 whip of venom
Missiles
 f - 2 javelins (quivered)
 n - 35 poisoned darts
Armour
 b - a +1 cloak (worn)
 k - +0 steam dragon scales
 s - a +0 pair of boots (worn)
 u - a +0 troll leather armour (worn)
Jewellery
 l - a +2 ring of intelligence (right hand)
 r - a ring of stealth (left hand)
Wands
 q - a wand of flame (22)
 t - a wand of paralysis (5)
 v - a wand of digging (5)
 w - a wand of enslavement (4)
Scrolls
 a - 4 scrolls of immolation
 c - 3 scrolls of remove curse
 d - 2 scrolls of teleportation
 e - 3 scrolls of fog
 g - a scroll of amnesia
 i - 4 scrolls of enchant armour
 j - 2 scrolls of magic mapping
 o - 2 scrolls of identify
 p - a scroll of summoning


   Skills:
 + Level 2.6 Fighting
   Level 0.1 Short Blades
 + Level 0.1(2.3) Maces & Flails
 + Level 3.9 Staves
 + Level 0.4 Armour
 + Level 3.0 Dodging
 + Level 3.1 Stealth
 + Level 0.1 Unarmed Combat
 * Level 10.0 Spellcasting
 * Level 8.7 Necromancy


You had 19 spell levels left.
You knew the following spells:

 Your Spells              Type           Power        Failure   Level  Hunger
a - Pain                  Necr           ####         1%          1    N/A
b - Animate Skeleton      Necr           N/A          1%          1    N/A
c - Vampiric Draining     Necr           #####.....   1%          3    N/A
d - Animate Dead          Necr           N/A          2%          4    N/A

Your spell library contained the following spells:

 Spells                   Type           Power        Failure   Level  Hunger
 Regeneration             Chrm/Necr      Unusable     N/A         3    N/A

Dungeon Overview and Level Annotations

Branches:
Dungeon (9/15)             Temple (1/1) D:6
   Lair: D:8-11         Orc: D:9-12

Altars:
Ashenzari
Cheibriados
Dithmenos
Elyvilon
Fedhas
Hepliaklqana
Kikubaaqudgha
Nemelex Xobeh
Okawaru
Ru
Sif Muna
Trog
Uskayaw
Wu Jian
Xom
Yredelemnul
Zin
The Shining One

Shops:
D:7 *

Annotations:
D:6 1 runed translucent door, ihavenolife's ghost, novice HOMo


Innate Abilities, Weirdness & Mutations

You do not eat or drink.
Your flesh is vulnerable to fire.
You are immune to poison.
Your flesh is cold resistant. (rC+)
You are immune to negative energy. (rN+++)
You are immune to unholy pain and torment.
You can survive without breathing.


Message History

The orc priest mumbles some strange prayers to Beogh against you.
Beogh smites you!
Casting: Vampiric Draining (safe; 1% risk of failure)
Confirm with . or Enter, or press ? or * to list all spells.
Aiming: Vampiric Draining (safe; 1% risk of failure)
Press: ? - help, Shift-Dir - straight line, f/p - orc warrior
Aim: an orc warrior, wielding a +0 long sword and wearing a +0 plate armour (severely wounded)
The orc warrior is almost dead.
You feel life coursing into your body. The yak gores you but does no damage.
The orc warrior hits you with a +0 long sword!
* * * LOW HITPOINT WARNING * * *
Casting: Vampiric Draining (safe; 1% risk of failure)
Confirm with . or Enter, or press ? or * to list all spells.
Aiming: Vampiric Draining (safe; 1% risk of failure)
Press: ? - help, Shift-Dir - straight line, f/p - orc warrior
Aim: an orc warrior, wielding a +0 long sword and wearing a +0 plate armour (almost dead)
You kill the orc warrior!
A puff of flame appears from out of thin air!
The puff of flame hits something!
The yak gores you!
You die... .. #. ###Y .YY

#Y. #o.
#YY#####.#
#YoYY@).{#
#.Y#######
#.. #..
... .#.#
..#. .. ##


You could see 6 yaks and an orc priest.

Vanquished Creatures
  A troll (D:8)
  2 hippogriffs
  5 orc warriors
  A black bear (D:6)
  3 ogres
  A phantom (D:5)
  An ice beast (D:7)
  3 centaurs
  A big kobold (D:8)
  2 bullfrogs
  4 scorpions
  A howler monkey (D:4)
  3 crimson imps
  A bullfrog skeleton (D:6)
  A hound (D:5)
  2 jellies (D:6)
  3 orc priests
  An iguana (D:4)
  3 orc wizards
  3 worker ants
  A hound skeleton (D:5)
  5 gnolls (D:6)
  5 adders
  2 shadow imps
  An ooze (D:1)
  2 adder skeletons
  A worm (D:4)
  3 leopard geckos
  16 orcs
  3 giant cockroaches
  9 goblins
  3 hobgoblins
  6 jackals
  2 quokkas (D:4)
  5 bats (D:1)
  4 frilled lizards
  8 kobolds
  4 rats
122 creatures vanquished.

Vanquished Creatures (collateral kills)
  A phantom (D:4)
  A centaur (D:6)
  A scorpion (D:4)
  A crimson imp (D:4)
  An orc priest (D:6)
  An orc wizard (D:6)
  2 worker ants
  2 gnolls (D:6)
  A leopard gecko (D:4)
  5 orcs
  3 jackals (D:6)
  A kobold (D:1)
  2 bats
  A rat (D:1)
23 creatures vanquished.

Grand Total: 145 creatures vanquished

Notes
Turn   | Place    | Note
-------+----------+-------------------------------------------
     0 | D:1      | robertstho the Mummy Necromancer began the quest for the
                  | Orb.
     0 | D:1      | Reached XP level 1. HP: 13/13 MP: 4/4
   215 | D:1      | Reached skill level 3 in Spellcasting
   215 | D:1      | Reached XP level 2. HP: 19/19 MP: 0/6
   351 | D:1      | Learned a level 1 spell: Animate Skeleton
  1162 | D:2      | Reached XP level 3. HP: 7/24 MP: 5/8
  1397 | D:2      | Found a shimmering altar of Xom.
  1902 | D:3      | Found a blossoming altar of Fedhas.
  1961 | D:3      | Learned a level 3 spell: Vampiric Draining
  2725 | D:4      | Reached XP level 4. HP: 6/31 MP: 2/9
  2950 | D:3      | Learned a level 4 spell: Animate Dead
  2958 | D:4      | Reached skill level 4 in Spellcasting
  3136 | D:4      | Reached XP level 5. HP: 36/36 MP: 5/11
  3160 | D:4      | Reached skill level 5 in Necromancy
  3169 | D:4      | Noticed a phantom
  3169 | D:4      | Noticed an ogre
  3187 | D:4      | Killed an ogre
  3187 | D:4      | Reached skill level 1 in Fighting
  3187 | D:4      | Reached skill level 5 in Spellcasting
  3216 | D:4      | Killed a phantom
  3216 | D:4      | Reached XP level 6. HP: 26/43 MP: 4/14
  3354 | D:4      | Reached skill level 1 in Staves
  3653 | D:5      | Entered Level 5 of the Dungeon
  3666 | D:5      | Reached XP level 7. HP: 36/48 MP: 15/15
  3764 | D:5      | Reached skill level 6 in Spellcasting
  3786 | D:5      | Found a bloodstained altar of Trog.
  4518 | D:6      | Found a staircase to the Ecumenical Temple.
  4528 | Temple   | Entered the Ecumenical Temple
  4758 | D:6      | Noticed ihavenolife's ghost (novice HOMo)
  4759 | D:6      | Found a runed translucent door.
  5310 | D:6      | Reached XP level 8. HP: 46/56 MP: 18/18
  5446 | D:6      | Reached skill level 7 in Spellcasting
  6135 | D:7      | Found a sparkling altar of Nemelex Xobeh.
  6155 | D:7      | Found Tuokudal's Assorted Antiques.
  6163 | D:7      | Reached skill level 8 in Spellcasting
  6168 | D:7      | Bought a scroll of teleportation for 78 gold pieces
  6168 | D:7      | Bought a scroll of identify for 52 gold pieces
  6168 | D:7      | Bought a scroll of identify for 52 gold pieces
  6271 | D:7      | Noticed a two-headed ogre
  6589 | D:7      | Noticed a hippogriff
  6599 | D:7      | Reached XP level 9. HP: 59/62 MP: 14/21
  7128 | D:7      | HP: 3/62 [something (4)]
  7129 | D:7      | HP: 1/62 [something (2)]
  7470 | D:8      | Reached skill level 9 in Spellcasting
  7505 | D:8      | Noticed a troll
  7528 | D:8      | Killed a troll
  8383 | D:8      | Reached skill level 10 in Spellcasting
  8573 | D:9      | Slain by a yak

Levels and vault maps discovered:
D:1:      kilobyte_arrival_exit_the_forest, layout_basic, lemuel_flame_loot_1
D:2:      layout_basic, xom_teletrap_fun
D:3:      layout_basic, nicolae_overflow_crystal_walls
D:4:      layout_rooms, first_ration, serial_park_tiny_2, minmay_joined_circles
D:5:      layout_loops_ring, bloody_trog
D:6:      layout_basic, minmay_temple_entry_trees,
          hellmonk_ghost_happy_afterlife, kennysheep_generic_room_8
D:7:      layout_loops_corners, vehumet_statue, kennysheep_mini_moat,
          lemuel_round_altar, overflow_temple_1_default, serial_shops, shop,
          the_bakery, kb_rosetta, uniq_crazy_yiuf_cottage
D:8:      layout_loops_corners, kennysheep_generic_room_10
D:9:      layout_basic, nicolae_qazlal_general_emergency, serial_shops,
          nicolae_shop_statue_plus, nicolae_shop_trees, nicolae_shop_stone,
          kennysheep_little_box, gammafunk_ghost_berserking_beasts,
          minmay_pinched_square, uniq_joseph, uniq_erica
Temple:   minmay_temple_curvy_branch

Skill      XL: |  1  2  3  4  5  6  7  8  9 |
---------------+----------------------------+-----
Spellcasting   | 3 4 5 6 8 10 | 10.0
Stealth        | 2 3 |  3.1
Necromancy     | 5 6 7 8 |  8.7
Fighting       | 1 2 |  2.6
Staves         | 1 2 3 |  3.9
Dodging        | 2 3 |  3.0
Short Blades   | |  0.1
Maces & Flails | |  0.1
Armour         | |  0.4
Unarmed Combat | |  0.1

Action                   |  1- 3 |  4- 6 |  7- 9 || total
-------------------------+-------+-------+-------++-------
Melee: Unarmed           |    15 |       |       ||    15
       Short sword       |    26 |       |       ||    26
       Whip              |    35 |       |       ||    35
       Quarterstaff      |     6 |    59 |   224 ||   289
 Cast: Pain              |    25 |    16 |    60 ||   101
       Animate Skeleton  |    13 |     5 |     4 ||    22
       Vampiric Draining |     1 |     5 |    36 ||    42
       Animate Dead      |       |     2 |    16 ||    18
Evoke: Wand              |       |       |     1 ||     1
  Use: Scroll            |    10 |     2 |     4 ||    16
 Stab: Sleeping          |     8 |     1 |     9 ||    18
Armor: Robe              |    24 |       |       ||    24
       Steam dragon scal |     3 |    21 |    79 ||   103
       Troll leather arm |       |       |    25 ||    25
Dodge: Dodged            |    74 |    42 |   199 ||   315

Table legend:
 A = Non-vault XP
 B = Vault XP
 C = Vault XP percentage of total XP
 D = Non-vault monster count
 E = Vault monster count
 F = Vault count percentage of total count
                 A         B        C        D         E       F
            +---------+---------+-------+---------+---------+-------
      Total |    3918 |     451 |  10.3 |     135 |      10 |   6.9
            +---------+---------+-------+---------+---------+-------
        D:1 |      39 |       0 |   0.0 |      22 |       0 |   0.0
        D:2 |      26 |       0 |   0.0 |       9 |       0 |   0.0
        D:3 |      15 |       0 |   0.0 |       7 |       0 |   0.0
        D:4 |     407 |     205 |  33.5 |      20 |       7 |  25.9
        D:5 |     353 |       0 |   0.0 |      11 |       0 |   0.0
        D:6 |     798 |      43 |   5.1 |      26 |       1 |   3.7
        D:7 |    1057 |      88 |   7.7 |      20 |       1 |   4.8
        D:8 |    1041 |     115 |   9.9 |      17 |       1 |   5.6
        D:9 |     182 |       0 |   0.0 |       3 |       0 |   0.0
            +---------+---------+-------+---------+---------+-------
